 Dungeon Crawl Stone Soup version 0.30.0-17-ge0270778cf (webtiles) character file.

Game seed: 10933246711295660170

319 gelatine the Firebug (level 6, -13/43 HPs)
             Began as a Demonspawn Fire Elementalist on May 21, 2023.
             Mangled by an ice beast (19 damage)
             ... on level 3 of the Dungeon.
             The game lasted 00:06:42 (2976 turns).

gelatine the Firebug (Demonspawn Fire Elementalist) Turns: 2976, Time: 00:06:43

Health: -13/43     AC:  7    Str:  8    XL:     6   Next: 21%
Magic:  1/11       EV: 12    Int: 18    God:
Gold:   190        SH:  4    Dex: 14    Spells: 3/12 levels left

rFire   + . .        f - +0 short sword
rCold   x . .        (no shield)
rNeg    . . .        a - +0 robe
rPois   .            d - +0 helmet
rElec   .            (no cloak)
rCorr   .            k - +0 pair of gloves
SInv    .            l - +0 pair of boots
Will    .....        (no amulet)
Stlth   ++           p - ring of fire
HPRegen 0.27/turn    (no ring)
MPRegen 0.12/turn

%: no passive effects
@: no status effects
A: claws 1, slimy green scales 1, condensation shield, bedeviling
a: no special abilities


You were on level 3 of the Dungeon.
You visited 1 branch of the dungeon, and saw 3 of its levels.

You collected 190 gold pieces.

Inventory:

Hand Weapons
 f - a +0 short sword (weapon)
 m - a +3 sling of flaming
Armour
 a - a +0 robe (worn)
 d - a +0 helmet (worn)
 k - a +0 pair of gloves (worn)
 l - a +0 pair of boots (worn)
Magical Staves
 j - a staff of air
Jewellery
 p - a ring of fire (left hand)
Scrolls
 c - 3 scrolls of fog {unknown}
 e - 3 scrolls of identify {unknown}
 g - 2 scrolls of immolation {unknown}
 i - a scroll of torment {unknown}
 o - a scroll of blinking {unknown}
 q - a scroll of teleportation {unknown}
 r - a scroll of enchant weapon {unknown}
 s - a scroll of brand weapon {unknown}
Potions
 b - 2 potions of magic
 h - a potion of flight {unknown}
 n - a potion of attraction {unknown}
 t - a potion of heal wounds {unknown}
 u - a potion of might {unknown}


   Skills:
 * Level 1.2 Fighting
 + Level 0.8 Short Blades
 * Level 2.5 Dodging
 + Level 2.1 Stealth
 + Level 0.1 Shields
 * Level 3.7 Spellcasting
 * Level 2.4 Conjurations
 * Level 3.9 Fire Magic
 * Level 0.7 Air Magic
 * Level 0.1 Evocations


You had 3 spell levels left.
You knew the following spells:

 Your Spells              Type           Power      Damage    Failure   Level
a - Foxfire               Conj/Fire      88%        2x1d8     4%          1
b - Scorch                Fire           52%        2d7       4%          2
c - Inner Flame           Hex/Fire       23%        N/A       21%         3
d - Volatile Blastmotes   Fire/Tloc      30%        2d12      21%         3

Your spell library contained the following spells:

 Spells                   Type           Power      Damage    Failure   Level
 Flame Wave               Conj/Fire      22%        2d8       38%         4


Dungeon Overview and Level Annotations

Branches:
Dungeon (3/15)

Altars:


Innate Abilities, Weirdness & Mutations

You have sharp fingernails.
You are partially covered in slimy green scales. (AC +2)
A meltable shield of frost defends you. (SH +4)
Your hexes are more powerful.


Message History

The ice beast is severely wounded.
The ice beast hits you but does no damage.
The foxfire hits the ice beast but does no damage.
The ice beast is severely wounded.
Casting: Scorch (safe; 4% risk of failure)
Confirm with . or Enter, or press ? or * to list all spells.
You feel a surge of power!
You miscast Scorch.
You are very lightly contaminated with residual magic.
Nothing appears to happen.
The ice beast hits you. The ice beast freezes you!
You feel a terrible chill!
Casting: Scorch (safe; 4% risk of failure)
Confirm with . or Enter, or press ? or * to list all spells.
You feel a surge of power!
Flames lash the ice beast.
The ice beast melts!
The ice beast is almost dead.
The ice beast hits you. The ice beast freezes you!
You feel a terrible chill!
* * * LOW HITPOINT WARNING * * *
You hit the ice beast but do no damage.
The ice beast is almost dead.
The ice beast misses you.
You hit the ice beast but do no damage.
The ice beast is almost dead.
You block the ice beast's attack.
You hit the ice beast but do no damage.
The ice beast is almost dead.
The ice beast hits you but does no damage.
You hit the ice beast but do no damage.
The ice beast is almost dead.
The ice beast barely misses you.
You hit the ice beast but do no damage.
The ice beast is almost dead.
The ice beast barely misses you.
You hit the ice beast but do no damage.
The ice beast is almost dead.
Your magical contamination has completely faded away.
You closely miss the ice beast.
The ice beast is almost dead.
The ice beast hits you.
* * * LOW HITPOINT WARNING * * *
The ice beast freezes you!!
You feel a terrible chill!
You die...

..###........._..................
..# #..........................#.
..###......................###...
...............#.................
...............#.................
.............#..........)........
.............###.######.#........
.............##..................
.............##.@.....#####..####
..........#####Y#######...)..# #
..........##....# +..'..)#.P# #
..........##....# #..#####..##+#
..........##....#######..........
.....#######............⌠........
..........................###+#.P
.................#+##.P##†# ##+
.............#..P# #..#).#


You could see an ice beast (combustible).

Vanquished Creatures
  Grinder (D:3)
  4 gnolls (D:3)
  3 adders
  A worm (D:3)
  A dart slug (D:3)
  3 orcs (D:3)
  4 ball pythons
  4 bats (D:1)
  3 endoplasms
  5 giant cockroaches
  7 goblins
  8 hobgoblins
  A quokka (D:2)
  3 frilled lizards
  4 kobolds
  4 rats
56 creatures vanquished.

Vanquished Creatures (collateral kills)
  4 foxfires (D:3)
4 creatures vanquished.

Vanquished Creatures (others)
  177 foxfires
177 creatures vanquished.

Grand Total: 237 creatures vanquished

Notes
Turn   | Place    | Note
-------+----------+-------------------------------------------
     0 | D:1      | gelatine the Demonspawn Fire Elementalist began the quest
                  | for the Orb.
     0 | D:1      | Reached XP level 1. HP: 13/13 MP: 3/3
   486 | D:1      | Gained mutation: You have sharp fingernails. [demonic
                  | ancestry]
   486 | D:1      | Reached XP level 2. HP: 19/19 MP: 0/5
   603 | D:1      | Learned a level 2 spell: Scorch
  1275 | D:2      | Gained mutation: A meltable shield of frost defends you.
                  | (SH +4) [demonic ancestry]
  1275 | D:2      | Reached XP level 3. HP: 24/24 MP: 1/6
  2229 | D:3      | Gained mutation: You are partially covered in slimy green
                  | scales. (AC +2) [demonic ancestry]
  2229 | D:3      | Reached XP level 4. HP: 30/30 MP: 1/8
  2482 | D:3      | Noticed Grinder
  2503 | D:3      | Killed Grinder
  2504 | D:3      | Reached skill level 1 in Fighting
  2504 | D:3      | Gained mutation: Your hexes are more powerful. [demonic
                  | ancestry]
  2504 | D:3      | Reached XP level 5. HP: 37/37 MP: 0/10
  2504 | D:3      | Reached XP level 6. HP: 43/43 MP: 0/11
  2688 | D:3      | Found a faded altar of an unknown god.
  2819 | D:3      | Learned a level 3 spell: Inner Flame
  2823 | D:3      | Learned a level 3 spell: Volatile Blastmotes
  2962 | D:3      | Noticed an ice beast
  2976 | D:3      | Mangled by an ice beast

Illustrated notes

Levels and vault maps discovered:
D:1:      heliophobic_arrival_enchanted_forest, layout_basic
D:2:      layout_rooms, nrook_uturn
D:3:      corexii_shack_village, layout_basic, basic_ecumenical_altar,
          uniq_grinder

Skill      XL: |  1  2  3  4 |
---------------+-------------+-----
Fire Magic     | 3 |  3.9
Dodging        | 2 |  2.5
Stealth        | 2 |  2.1
Fighting       | 1 |  1.2
Spellcasting   | 3 |  3.7
Conjurations   | 2 |  2.4
Short Blades   | |  0.8
Shields        | |  0.1
Air Magic      | |  0.7
Evocations     | |  0.1

Action                     |  1- 3 |  4- 6 || total
---------------------------+-------+-------++-------
  Melee: Unarmed           |     3 |       ||     3
         Short sword       |    33 |    15 ||    48
   Cast: Foxfire           |    69 |    42 ||   111
         Scorch            |     2 |     8 ||    10
 Armour: Robe              |    11 |     6 ||    17
  Dodge: Dodged            |    32 |     5 ||    37
  Block: Other             |     1 |     3 ||     4
